 Dungeon Crawl Stone Soup version 0.21-a0-517-gd76cfe0 (webtiles) character file.

58 slep the Skirmisher (level 4, 0/37 HPs)
             Began as a Formicid Monk on Dec 4, 2017.
             Slain by Natasha (7 damage)
             ... on level 3 of the Dungeon.
             The game lasted 00:04:59 (1626 turns).

slep the Skirmisher (Formicid Monk)                 Turns: 1626, Time: 00:04:59

Health: 0/37       AC:  4    Str: 16    XL:     4   Next: 21%
Magic:  4/4        EV: 18    Int:  9    God:
Gold:   28         SH:  0    Dex: 14    Spells: 3/3 levels left

rFire    . . .     SeeInvis +   a - +0 hand axe
rCold    . . .     Gourm    .   (no shield)
rNeg     . . .     Faith    .   g - +0 leather armour
rPois    .         Spirit   .   (helmet unavailable)
rElec    .         Reflect  .   j - +0 cloak
rCorr    .         Harm     .   (no gloves)
MR       .....                  (no boots)
Stlth    ++........             (no amulet)
HPRegen  0.12/turn              r - +5 ring of evasion
MPRegen  0.09/turn              (no ring)

@: no status effects
A: permanent stasis, dig shafts and tunnels, four strong arms, antennae 3
a: Dig, Shaft Self


You were on level 3 of the Dungeon.
You were not hungry.

You visited 1 branch of the dungeon, and saw 3 of its levels.

You collected 28 gold pieces.

Inventory:

Hand Weapons
 a - a +0 hand axe (weapon)
Armour
 b - a +0 robe
 g - a +0 leather armour (worn)
 j - a +0 cloak (worn)
Jewellery
 r - a +5 ring of evasion (left hand)
Scrolls
 f - 2 scrolls of teleportation {unknown}
 i - 2 scrolls of identify {unknown}
 k - a scroll of amnesia {unknown}
Potions
 d - a potion of agility {unknown}
 e - a potion of heal wounds {unknown}
 h - a potion of degeneration {unknown}
 m - 2 potions of curing {unknown}
 n - a potion of berserk rage {unknown}
 o - a potion of lignification {unknown}
Comestibles
 c - 2 bread rations
 l - a fruit
 p - a chunk of flesh
 q - a royal jelly


   Skills:
 + Level 3.7 Fighting
 + Level 3.7 Axes
 + Level 0.7 Armour
 + Level 3.0 Dodging
 + Level 3.0 Stealth


You had 3 spell levels left.
You didn't know any spells.

Dungeon Overview and Level Annotations

Branches:
Dungeon (3/15)

Altars:

Annotations:
D:3 Natasha


Innate Abilities, Weirdness & Mutations

You cannot be hasted, slowed, berserked, paralysed or teleported.
You can dig through walls and to a lower floor.
Your four strong arms can wield two-handed weapons with a shield.
You have a pair of large antennae on your head. (SInv)


Message History

You closely miss Natasha.
Natasha is lightly wounded.
You barely miss the hobgoblin. The hobgoblin misses you.
Natasha closely misses you.
You hit Natasha.
Natasha is moderately wounded.
You barely miss the hobgoblin. The hobgoblin misses you. Natasha claws you.
* * * LOW HITPOINT WARNING * * *
You hit Natasha.
Natasha is heavily wounded.
You hit the hobgoblin.
The hobgoblin hits you but does no damage.
Natasha claws you but does no damage.
A jackal comes into view.
You closely miss Natasha.
Natasha is heavily wounded.
You closely miss the hobgoblin. The hobgoblin hits you with a club.
* * * LOW HITPOINT WARNING * * *
Natasha misses you. Natasha claws you!
You die...

#....###
#......
#.h...#
#.....#
#.....#
#.h..# {
#hhg.#
#@# {
#.#### {
#....# {
####.###
#...# {
###.# #.#
#.#######
#.......#


You could see Natasha, 3 jackals and a hobgoblin.

Vanquished Creatures
  2 adders
  2 worms (D:2)
  A leopard gecko (D:2)
  5 goblins
  6 hobgoblins
  5 kobolds
  2 ball pythons (D:1)
  5 bats
  A frilled lizard (D:2)
  4 rats
33 creatures vanquished.

Notes
Turn   | Place    | Note
-------+----------+-------------------------------------------
     0 | D:1      | slep the Formicid Monk began the quest for the Orb.
     0 | D:1      | Reached XP level 1. HP: 18/18 MP: 1/1
   152 | D:1      | Reached XP level 2. HP: 24/24 MP: 2/2
   556 | D:1      | Reached XP level 3. HP: 29/29 MP: 3/3
  1248 | D:2      | Reached XP level 4. HP: 37/37 MP: 4/4
  1618 | D:3      | Noticed Natasha
  1626 | D:3      | Slain by Natasha

Vault maps used:
D:1:      dpeg_arrival_central
D:2:      minivault_11
D:3:      uniq_natasha

Skill      XL: |  1  2  3 |
---------------+----------+-----
Dodging        | 3 |  3.0
Stealth        | 3 |  3.0
Fighting       | |  3.7
Axes           | |  3.7
Armour         | |  0.7

Action                   |  1- 3 |  4- 6 || total
-------------------------+-------+-------++-------
Melee: Hand axe          |    74 |    25 ||    99
 Stab: Sleeping          |     7 |     1 ||     8
  Eat: Chunk             |     1 |     1 ||     2
Armor: Robe              |     2 |       ||     2
       Leather armour    |    18 |     7 ||    25
Dodge: Dodged            |    46 |    24 ||    70

Table legend:
 A = Spawn XP
 B = Non-spawn XP
 C = Spawn XP percentage of total XP
 D = Spawn monster count
 E = Non-spawn monster count
 F = Spawn count percentage of total count
 G = Total turns spent on level
                    A         B        C        D         E        F      G
               +---------+---------+-------+---------+---------+-------+---------
         Total |       0 |      84 |   0.0 |       0 |      33 |   0.0 |  1626
               +---------+---------+-------+---------+---------+-------+---------
           D:1 |       0 |      31 |   0.0 |       0 |      19 |   0.0 |   960
           D:2 |       0 |      39 |   0.0 |       0 |      13 |   0.0 |   624
           D:3 |       0 |      14 |   0.0 |       0 |       1 |   0.0 |    42
               +---------+---------+-------+---------+---------+-------+---------
